 Dungeon Crawl Stone Soup version 0.18.1-6-gd335043 (webtiles) character file.

5076 Kenran the Martial Artist (level 10, -10/56 HPs)
             Began as a Vine Stalker Monk on May 17, 2016.
             Was an Initiate of Gozag.
             Killed by the air
             ... invoked by Gastronok
              (23 damage)
             ... on level 8 of the Dungeon.
             The game lasted 00:30:51 (7665 turns).

Kenran the Martial Artist (Vine Stalker Monk)       Turns: 7665, Time: 00:30:52

Health: -10/56     AC: 14    Str: 17    XL:     10   Next: 56%
Magic:  0/11       EV:  6    Int: 10    God:    Gozag
Gold:   936        SH:  0    Dex: 19    Spells: 0 memorised, 9 levels left

rFire  . . .     SeeInvis .     d - +3 whip (drain)
rCold  . . .     Gourm    .     v - +0 plate armour
rNeg   . . .     Faith    .     (no shield)
rPois  .         Spirit   +     (no helmet)
rElec  .         Dismiss  .     (no cloak)
rCorr  .         Reflect  .     (no gloves)
SustAt .         Harm     .     z - +1 pair of boots
MR     +....                    (no amulet)
Stlth  ..........               (no ring)
                                y - +2 ring of strength

@: drained, somewhat resistant to hostile enchantments, extremely unstealthy
A: fangs 3, regeneration 2, magic shield, antimagic bite, no device heal 3, rot
immunity
a: Potion Petition, Call Merchant, Bribe Branch, Renounce Religion


You were on level 8 of the Dungeon.
You worshipped Gozag.
Gozag was noncommittal.
You were very hungry.

You visited 2 branches of the dungeon, and saw 10 of its levels.

You collected 1457 gold pieces.
You spent 50 gold pieces at shops.
You paid 471 gold pieces to Gozag.

Inventory:

Hand Weapons
 d - a +3 whip of draining (weapon)
 p - a +0 hunting sling
Missiles
 q - 222 stones (quivered)
Armour
 v - a +0 plate armour (worn)
 z - a +1 pair of boots (worn)
Jewellery
 y - a +2 ring of strength (left hand)
Wands
 h - a wand of acid (10/15)
 m - a wand of lightning (8/15)
 x - a wand of disintegration (12/24)
Scrolls
 f - 2 scrolls of teleportation
 g - 2 scrolls of recharging
 l - 3 scrolls of remove curse
 o - 6 scrolls of identify
 s - 2 scrolls of amnesia
 u - 3 scrolls of fear
 w - a scroll of blinking
Potions
 a - 3 potions of might {unknown}
 c - a potion of resistance {unknown}
 e - 3 potions of lignification {unknown}
 i - 3 potions of berserk rage
 j - a potion of flight {unknown}
 k - a potion of cancellation {unknown}
 n - 3 potions of agility {unknown}
 r - a potion of magic {unknown}
 t - 3 potions of curing
Comestibles
 b - 10 bread rations


   Skills:
 - Level 8.0(7.4) Fighting
 - Level 5.5(5.0) Armour
 - Level 2.4(1.9) Dodging
 - Level 2.4(1.9) Stealth
 + Level 11.6(10.9) Unarmed Combat


You had 9 spell levels left.
You didn't know any spells.

Dungeon Overview and Level Annotations

Branches:
Dungeon (9/15)             Temple (1/1) D:4            Lair (0/8) D:9
    Orc: D:9-12

Altars:
Ashenzari
Cheibriados
Dithmenos
Elyvilon
Fedhas
Gozag
Kikubaaqudgha
Makhleb
Nemelex Xobeh
Okawaru
Pakellas
Qazlal
Ru
Sif Muna
Trog
Vehumet
Xom
Yredelemnul
Zin
The Shining One

Shops:
D:7 %   D:8 (

Annotations:
D:8 Gastronok


Innate Abilities, Weirdness & Mutations

You have razor-sharp teeth.
You heal very quickly.
When hurt, damage is shared between your health and your magic reserves.
Your bite disrupts and absorbs the magic of your enemies.
Potions and wands cannot restore your health.
You are immune to rotting.


Message History

You feel sick. The killer bee stings you.
* * * LOW HITPOINT WARNING * * *
You are lethally poisoned!
The killer bee poisons you!
Drink which item? (? for menu, Esc to quit)
You feel better. The killer bee barely misses you.
The killer bee closely misses you.
Read which item? (? for menu, Esc to quit)
As you read the scroll of teleportation, it crumbles to dust.
You feel strangely unstable. The killer bee stings you.
* * * LOW HITPOINT WARNING * * *
The killer bee stings you but does no damage.
You are feeling very hungry.
The killer bee stings you but does no damage.
Your surroundings suddenly seem different.
Gastronok gurgles horribly!
Gastronok waves his eye-stalks in wide circles.
The air twists around and strikes you!
You die...
Your body crumbles into a pile of gold.

###### #.........# #....#
#.........# #.##.##
#.........# #<##[.########
#.........# #.###........#
#.........# #.#
########.####.w.......###
#.## ##...#..............
#..# ##.......<.........##
##.# #...@............###
#.### #......>........##
#(..# #............#### ##
###)# ##..............# #y
#.# ##.........###.## #y
#(# ##.........###..###y
#.# ###..##.##............
#.###...###.##..###.#.^..#
####
#.#...#####.##..##..#.##..


You could see Gastronok.

Vanquished Creatures
  Prince Ribbit (D:6)
  A spriggan (D:8)
  The ghost of Kenran the Ruffian, an amateur VSMo (D:4)
  Sigmund (D:5)
  A hungry ghost (D:7)
  2 hippogriffs
  2 orc warriors
  5 phantoms
  A sky beast (D:4)
  A necrophage (D:9)
  2 ice beasts
  5 ogres
  4 centaurs
  A crocodile (D:7)
  3 giant frogs
  2 water moccasin zombies (D:6)
  2 scorpions (D:4)
  A howler monkey (D:6)
  6 wights
  3 crimson imps
  7 orc priests
  A hound (D:9)
  5 jellies
  4 giant frog skeletons
  A giant frog zombie (D:5)
  A gnoll shaman (D:5)
  10 orc wizards
  2 iguanas
  4 worker ants
  A killer bee zombie (D:5)
  2 hound zombies (D:6)
  2 hound skeletons
  A howler monkey zombie (D:6)
  A worker ant zombie (D:7)
  2 river rats (D:6)
  5 gnolls
  12 adders
  2 shadow imps
  2 oozes
  6 adder zombies
  2 worms
  7 dart slugs
  5 giant geckos
  25 orcs
  4 bats
  6 giant cockroaches
  6 goblins
  6 hobgoblins
  9 jackals
  3 quokkas
  A ball python (D:6)
  5 giant newts
  6 kobolds
  A quokka skeleton (D:5)
  5 rats
207 creatures vanquished.

Notes
Turn   | Place    | Note
--------------------------------------------------------------
     0 | D:1      | Kenran the Vine Stalker Monk began the quest for the Orb.
     0 | D:1      | Reached XP level 1. HP: 11/11 MP: 2/2
   109 | D:1      | Reached XP level 2. HP: 11/16 MP: 3/3
   228 | D:1      | Reached XP level 3. HP: 12/19 MP: 0/4
   236 | D:1      | Reached skill level 5 in Unarmed Combat
   702 | D:2      | Reached XP level 4. HP: 23/23 MP: 5/5
  1591 | D:3      | Reached skill level 6 in Unarmed Combat
  1670 | D:3      | Reached XP level 5. HP: 28/28 MP: 6/6
  2106 | D:3      | Gained mutation: You heal very quickly. [Vine Stalker growth]
  2106 | D:3      | Reached XP level 6. HP: 33/33 MP: 7/7
  2327 | D:4      | Found a staircase to the Ecumenical Temple.
  2340 | Temple   | Entered the Ecumenical Temple
  2526 | D:4      | Reached skill level 1 in Armour
  2534 | D:4      | Found a stormy altar of Qazlal.
  2564 | D:4      | Noticed Sigmund
  2645 | D:4      | Noticed Kenran's ghost (amateur VSMo)
  2706 | D:4      | Killed Kenran's ghost
  2706 | D:4      | Reached XP level 7. HP: 31/37 MP: 8/8
  2787 | D:4      | Found an opulent altar of Gozag.
  2787 | D:4      | Found an iron altar of Okawaru.
  2789 | D:4      | Found a shadowy altar of Dithmenos.
  2801 | D:4      | Reached skill level 7 in Unarmed Combat
  2815 | D:4      | Became a worshipper of Gozag Ym Sagoz the Greedy
  2938 | D:5      | Entered Level 5 of the Dungeon
  3222 | D:4      | Found a stormy altar of Qazlal.
  3650 | D:4      | Reached skill level 8 in Unarmed Combat
  3755 | D:4      | Gained mutation: You have razor-sharp teeth. [Vine Stalker growth]
  3755 | D:4      | Reached XP level 8. HP: 34/42 MP: 9/9
  3879 | D:5      | Reached skill level 9 in Unarmed Combat
  3928 | D:5      | Found an oddly glowing altar of Pakellas.
  4193 | D:5      | Killed Sigmund
  4312 | D:5      | Found a shattered altar of Ashenzari.
  4392 | D:5      | Reached skill level 10 in Unarmed Combat
  4686 | D:6      | Reached XP level 9. HP: 36/45 MP: 10/10
  4724 | D:6      | Found a glowing silver altar of Zin.
  4880 | D:6      | Reached skill level 11 in Unarmed Combat
  5001 | D:6      | Reached skill level 5 in Fighting
  5025 | D:6      | Found a blossoming altar of Fedhas.
  5255 | D:6      | Noticed Prince Ribbit
  5315 | D:6      | Killed Prince Ribbit
  6101 | D:6      | Found a deep blue altar of Sif Muna.
  6106 | D:6      | Reached XP level 10. HP: 56/56 MP: 11/11
  6185 | D:7      | Bought a bread ration for 50 gold pieces
  6492 | D:8      | Found a sacrificial altar of Ru.
  6583 | D:8      | Found Tuyfuj's Antique Weapon Shop.
  6724 | D:8      | Reached skill level 5 in Armour
  6824 | D:8      | Noticed Gastronok
  7337 | D:9      | Found a staircase to the Lair.
  7377 | D:9      | Found a burning altar of Makhleb.
  7665 | D:8      | Killed from afar by Gastronok

Skill      XL: |  1  2  3  4  5  6  7  8  9 10 |
---------------+-------------------------------+-----
Unarmed Combat | 5 6 8 10 11 | 11.6
Fighting       | 3 4 8 |  8.0
Armour         | 1 2 3 5 |  5.5
Dodging        | |  2.4
Stealth        | |  2.4

Action                   |  1- 3 |  4- 6 |  7- 9 | 10-12 || total
-------------------------+-------+-------+-------+-------++-------
Melee: Unarmed           |    11 |       |       |       ||    11
       Bite              |    16 |    55 |   175 |    68 ||   314
       Whip              |    45 |   190 |   427 |   184 ||   846
       Punch             |     1 |     5 |    10 |     9 ||    25
Invok: Call Merchant     |       |       |       |     1 ||     1
  Use: Scroll            |       |     7 |     5 |     2 ||    14
       Potion            |       |       |       |     1 ||     1
 Stab: Sleeping          |     1 |       |       |       ||     1
       Distracted        |       |       |     1 |       ||     1
  Eat: Chunk             |       |     5 |       |     2 ||     7
       Fruit             |       |     1 |     7 |     2 ||    10
       Meat ration       |       |       |     1 |       ||     1
       Pizza             |       |       |     1 |       ||     1
       Bread ration      |       |       |     1 |       ||     1
       Beef jerky        |       |       |       |     1 ||     1
Armor: Robe              |     6 |       |       |       ||     6
       Ring mail         |     7 |    19 |       |       ||    26
       Chain mail        |       |   106 |    99 |       ||   205
       Plate armour      |       |       |   206 |   134 ||   340
Dodge: Dodged            |    38 |    92 |   144 |    64 ||   338
